AoeStats
← Kairos

Arabia

508582035Analyzed
1v1 RM · 8d ago on Sep 23, 2026· 54m 37s· 2 players
Game mode
Random Map
Map size
Tiny (2 player)
Population
200
Speed
Normal
Resources
Standard
Victory
Conquest
Starting age
Dark Age
Ending age
Imperial Age
RankedLock teamsTeams togetherTeam positionsShared explorationLock speedFull tech treeHidden civsTurbo modeCheats
Victory
Defeat
🇺🇸 Franks · United States
971
+18
🇲🇽 Vietnamese · Mexico
1005
-18
Kairos
9:40 Feudal Age
8:15 Loom
10:34 Double-Bit Axe
13:36 Scale Barding Armor
21:33 Wheelbarrow
23:00 Castle Age
21:37 Forging
22:00 Fletching
25:08 Husbandry
25:58 Bow Saw
26:22 Hand Cart
28:21 Elite Skirmisher
29:35 Town Watch
31:04 Chain Barding Armor
31:50 Iron Casting
31:18 Padded Archer Armor
33:14 Bodkin Arrow
42:35 Imperial Age
41:09 Town Patrol
44:08 Cavalier
45:33 Ballistics
45:36 Conscription
45:42 Leather Archer Armor
46:22 Block Printing
46:26 Paladin
47:20 Chivalry
50:17 Hoardings
51:00 Plate Barding Armor
Arwtru
6:51 Loom
9:27 Feudal Age
10:12 Double-Bit Axe
17:45 Horse Collar
18:17 Fletching
22:56 Castle Age
21:42 Padded Archer Armor
22:17 Gold Mining
23:20 Crossbowman
24:05 Bodkin Arrow
26:43 Bow Saw
30:15 Thumb Ring
30:27 Leather Archer Armor
30:40 Ballistics
31:02 Wheelbarrow
36:52 Scale Mail Armor
36:50 Arson
37:18 Squires
38:07 Elite Skirmisher
43:35 Chain Mail Armor
44:36 Forging
46:40 Hand Cart
51:20 Imperial Age
49:31 Pikeman
51:37 Imperial Skirmisher
53:33 Treadmill Crane
54:00 Elite Fire Lancer
Connection lost

Rejoining the realm…

Still unreachable

The connection could not be restored.

Session expired

The server has moved on; the page needs a fresh start.